 Dungeon Crawl Stone Soup version 0.25-a0-613-gf4b266557c (webtiles) character file.

Game seed: 13472965014497799847, levelgen mode: deterministic

32 P0NYSLAYSTATION the Shield-Bearer (level 3, 0/33 HPs)
             Began as a Hill Orc Fighter on Mar 17, 2020.
             Succumbed to an adder's poison
             ... on level 2 of the Dungeon.
             The game lasted 00:01:26 (258 turns).

P0NYSLAYSTATION the Shield-Bearer (Hill Orc Fighter) Turns: 258, Time: 00:01:27

Health: 0/33       AC:  6    Str: 16 (19) XL:     3   Next: 27%
Magic:  3/3        EV:  7    Int:  5 (8)  God:
Gold:   39         SH:  9    Dex:  9 (10) Spells: 2/2 levels left

rFire    . . .     SeeInvis .   a - +0 trident
rCold    . . .     Gourm    .   c - +0 kite shield
rNeg     . . .     Faith    .   b - +0 scale mail
rPois    .         Spirit   .   (no helmet)
rElec    .         Reflect  .   (no cloak)
rCorr    .         Harm     .   (no gloves)
MR       .....                  (no boots)
Stlth    ..........             (no amulet)
HPRegen  0.11/turn              (no ring)
MPRegen  0.08/turn              (no ring)

@: lethally poisoned (0 -> -2), flying
A: no striking features
a: no special abilities


You were on level 2 of the Dungeon.
You were not hungry.

You visited 1 branch of the dungeon, and saw 2 of its levels.

You collected 39 gold pieces.

Inventory:

Hand Weapons
 a - a +0 trident (weapon)
Armour
 b - a +0 scale mail (worn)
 c - a +0 kite shield (worn)
Scrolls
 e - a scroll of magic mapping {unknown}
 g - a scroll of identify {unknown}
 i - a scroll of fear {unknown}
 k - 2 scrolls of remove curse {unknown}
Potions
 d - a potion of might
Comestibles
 f - 2 rations
 h - 7 chunks of flesh


   Skills:
 + Level 3.9 Fighting
 + Level 2.7 Polearms
 + Level 3.5 Armour
 + Level 4.0 Shields


You had 2 spell levels left.
You didn't know any spells.
Your spell library was empty.

Dungeon Overview and Level Annotations

Branches:
Dungeon (2/15)

Altars:


Message History

It was a potion of degeneration.
There was something very wrong with that liquid.
You feel weakened.
You feel dopey.
You feel clumsy. The goblin barely misses you.
It was a potion of flight.
You feel very buoyant.
You fly up into the air.
* * * LOW HITPOINT WARNING * * *
You feel sick. The goblin hits you but does no damage.
You closely miss the goblin. You block the goblin's attack.
You closely miss the goblin. You block the goblin's attack.
You barely miss the goblin.
* * * LOW HITPOINT WARNING * * *
You feel sick. You block the goblin's attack.
You hit the goblin but do no damage. You block the goblin's attack.
Your shield and scale mail prevent you from hitting the goblin.
The goblin barely misses you.
You puncture the goblin!
You kill the goblin!
You die...

#.......##..##....#
##.....####...###.....
##...## ###.########
###...## #.......#
##...### #######.#
#...## ###..####
#####.
##....#########...!..
####......@.#.......
########......[..
##รท....... #........
#........ #........
##....... .......
..>.##+


There were no monsters in sight!

Vanquished Creatures
  An adder (D:2)
  A dart slug (D:1)
  2 leopard geckos (D:1)
  6 goblins
  2 bats (D:1)
  A frilled lizard (D:1)
  4 kobolds (D:1)
  3 rats
20 creatures vanquished.

Notes
Turn   | Place    | Note
-------+----------+-------------------------------------------
     0 | D:1      | P0NYSLAYSTATION the Hill Orc Fighter began the quest for
                  | the Orb.
     0 | D:1      | Reached XP level 1. HP: 19/19 MP: 1/1
    94 | D:1      | Reached XP level 2. HP: 19/27 MP: 2/2
   248 | D:2      | HP: 1/27 [adder (3)]
   249 | D:2      | Reached skill level 4 in Shields
   249 | D:2      | Reached XP level 3. HP: 2/33 MP: 3/3
   254 | D:2      | HP: 1/33 [poisoned by an adder]
   258 | D:2      | Succumbed to an adder's poison

Levels and vault maps discovered:
D:1:      minmay_arrival_nine_rooms, layout_basic, hangedman_decor_peaks_small,
          minmay_ruptured
D:2:      layout_rooms, minmay_misc_feat_room, uniq_terence, uniq_sigmund

Skill      XL: |  1  2 |
---------------+-------+-----
Shields        | 4 |  4.0
Fighting       | |  3.9
Polearms       | |  2.7
Armour         | |  3.5

Action                   || total
-------------------------++-------
Melee: Trident           ||    75
  Use: Potion            ||     2
Armor: Scale mail        ||    49
Dodge: Dodged            ||    21
Block: Kite shield       ||    59

Table legend:
 A = Non-vault XP
 B = Vault XP
 C = Vault XP percentage of total XP
 D = Non-vault monster count
 E = Vault monster count
 F = Vault count percentage of total count
                 A         B        C        D         E       F
            +---------+---------+-------+---------+---------+-------
      Total |      43 |       4 |   8.5 |      17 |       3 |  15.0
            +---------+---------+-------+---------+---------+-------
        D:1 |      23 |       4 |  14.8 |      12 |       3 |  20.0
        D:2 |      20 |       0 |   0.0 |       5 |       0 |   0.0
            +---------+---------+-------+---------+---------+-------
